 Dungeon Crawl Stone Soup version 0.31-a0-198-g2ad674f65e (webtiles) character file.

Game seed: 14162986534540994985

279 qw the Skirmisher (level 6, -3/35 HPs)
             Began as a Deep Elf Hunter on June 25, 2023.
             Slain by an orc
             ... wielding a +0 mace
              (6 damage)
             ... on level 3 of the Dungeon.
             The game lasted 00:00:40 (1711 turns).

qw the Skirmisher (Deep Elf Hunter)                 Turns: 1711, Time: 00:00:41

Health: -3/35      AC:  7    Str: 10    XL:     6   Next: 5%
Magic:  8/8        EV: 11    Int: 14    God:
Gold:   129        SH:  0    Dex: 18    Spells: 5/5 levels left

rFire   . . .        Y - +0 shortbow (elec)
rCold   . . .        (shield currently unavailable)
rNeg    . . .        d - +0 ring mail
rPois   .            i - +0 helmet
rElec   .            (no cloak)
rCorr   .            (no gloves)
SInv    .            a - +0 pair of boots
Will    .....        f - amulet of regeneration
Stlth   +            (no ring)
HPRegen 1.05/turn    (no ring)
MPRegen 0.11/turn

%: no passive effects
@: no status effects
A: no striking features
a: no special abilities


You were on level 3 of the Dungeon.
You visited 1 branch of the dungeon, and saw 3 of its levels.

You collected 129 gold pieces.


   Skills:
 - Level 2.0 Fighting
 + Level 9.2 Ranged Weapons
 - Level 1.1 Armour
 - Level 2.4 Dodging
 - Level 1.2 Stealth


You had 5 spell levels left.
You didn't know any spells.
Your spell library was empty.

Inventory:

Hand Weapons
 Y - a +0 shortbow of electrocution (weapon)
Armour
 a - a +0 pair of boots (worn)
 d - a +0 ring mail (worn)
 i - a +0 helmet (worn)
Jewellery
 f - an amulet of regeneration (around neck)
Scrolls
 e - 3 scrolls of identify
 k - 4 scrolls of teleportation
Potions
 g - a potion of degeneration {unknown}
 j - a potion of heal wounds {unknown}

Dungeon Overview and Level Annotations

Branches:
Dungeon (3/15)

Altars:
Vehumet


Message History

You kill the gnoll!
You have reached level 6!
You open the huge gate.
There is a huge open gate here.
You open the door. You open the large door.
A kobold brigand, 5 orcs and 5 gnolls come into view.
The kobold brigand is wielding a +0 whip and quivering curare-tipped darts.
The gnoll shouts! x2; The orc shouts!
You hear a shout! x2
An orc comes into view. It is wielding a +0 whip.
A gnoll comes into view. It is wielding a +0 flail.
An orc opens the large door.
The gnoll shouts!
The orc shouts! x4; You hear a shout!
Enter note:
Enter note:
Enter note:
Enter note: You shoot an arrow.
The gnoll shouts!
The arrow hits the gnoll.
The gnoll is lightly wounded.
The gnoll closely misses you.
A gnoll comes into view. It is wielding a +0 club.
You shoot an arrow. The arrow hits the gnoll!
Lightning courses through the gnoll!
You kill the gnoll!
The gnoll hits you from afar with a +0 halberd!
You shoot an arrow. The arrow hits the orc.
The orc is heavily wounded.
The orc barely misses you. The orc hits you with a +0 war axe.
The gnoll hits you from afar with a +0 halberd!
You shoot an arrow.
The arrow hits the orc but does no damage.
Lightning courses through the orc!
You kill the orc!
The orc hits you with a +0 mace.
The gnoll hits you from afar with a +0 halberd!
A gnoll comes into view. It is wielding a +0 flail.
The gnoll barely misses you. The orc hits you with a +0 mace.
You die... +..+ #####''###### ............ ........... gKoog... ggggg

##oo## #######.@..#
+.....'....+ #
#######....# g
#############''''#### o
#....................
###~~~~~~~~~~~~....~~~~
~~~~~~~~~~~~~~%....~~~~
~~~~~~~~~~~~~~~....~~~~
..........)...%........


You could see a kobold brigand, 7 gnolls and 4 orcs.

Vanquished Creatures
  Sigmund (D:2)
  3 gnolls (D:3)
  3 adders
  A worm (D:2)
  2 dart slugs (D:1)
  2 orcs (D:3)
  3 ball pythons
  4 endoplasms
  A giant cockroach (D:1)
  A hobgoblin (D:1)
  4 jackals (D:3)
  4 quokkas
  6 bats
  2 frilled lizards
  6 goblins
  6 kobolds
  8 rats
57 creatures vanquished.

Notes
Turn   | Place    | Note
-------+----------+-------------------------------------------
     0 | D:1      | qw the Deep Elf Hunter began the quest for the Orb.
     0 | D:1      | Reached XP level 1. HP: 12/12 MP: 3/3
     0 | D:1      | 0 ||| qw: Version: 0.3-a-22-g0ed2b0b
     0 | D:1      | 0 ||| qw: Game counter: 5462
     0 | D:1      | 0 ||| qw: Melee chars always use a shield: true
     0 | D:1      | 0 ||| qw: God list: Okawaru
     0 | D:1      | 0 ||| qw: Allow faded altars: false
     0 | D:1      | 0 ||| qw: Do Orc after clearing Dungeon:15 true
     0 | D:1      | 0 ||| qw: Do second Lair branch before Depths: true
     0 | D:1      | 0 ||| qw: Lair rune preference: random
     0 | D:1      | 0 ||| qw: Goals: Normal
     0 | D:1      | 0 ||| PLANNING D:1-11
   150 | D:1      | Reached XP level 2. HP: 16/16 MP: 4/4
   157 | D:1      | Reached skill level 6 in Ranged Weapons
   646 | D:1      | 646 ||| UPGRADING to +0 ring mail.
   656 | D:1      | 656 ||| DROPPING +0 leather armour.
   657 | D:1      | 657 ||| UPGRADING to amulet of regeneration.
   662 | D:1      | 662 ||| READING scroll labelled CUAN VURAMO.
   663 | D:1      | 663 ||| DROPPING scroll of butterflies.
   688 | D:2      | Noticed Sigmund
   692 | D:2      | Killed Sigmund
   693 | D:2      | Reached skill level 8 in Ranged Weapons
   693 | D:2      | Reached XP level 3. HP: 20/20 MP: 5/5
   693 | D:2      | Reached XP level 4. HP: 25/25 MP: 6/6
   693 | D:2      | Reached XP level 5. HP: 29/29 MP: 7/7
   773 | D:2      | Reached skill level 9 in Ranged Weapons
  1321 | D:2      | 1321 ||| UPGRADING to +0 pair of boots.
  1326 | D:2      | 1326 ||| UPGRADING to +0 helmet.
  1331 | D:2      | 1331 ||| DROPPING ring of magical power.
  1332 | D:2      | 1332 ||| READING 3 scrolls labelled KEHYDO XYZE.
  1333 | D:2      | 1333 ||| READING 3 scrolls labelled VYR UMOEQUB.
  1338 | D:2      | 1338 ||| READING 2 scrolls labelled IKIPLA BEALIY.
  1339 | D:2      | 1339 ||| DRINKING 2 pink potions.
  1340 | D:2      | 1340 ||| READING 2 scrolls of identify.
  1340 | D:2      | 1340 ||| IDENTIFYING lumpy sapphire potion
  1341 | D:2      | 1341 ||| DROPPING potion of brilliance.
  1342 | D:2      | 1342 ||| DROPPING potion of attraction.
  1343 | D:2      | 1343 ||| DROPPING scroll of blinking.
  1450 | D:3      | Found a radiant altar of Vehumet.
  1679 | D:3      | Reached skill level 1 in Armour
  1696 | D:3      | Reached XP level 6. HP: 35/35 MP: 8/8
  1711 | D:3      | HP: 3/35 [gnoll/+0 halberd (7)]
  1711 | D:3      | Slain by an orc

Levels and vault maps discovered:
D:1:      dpeg_arrival_boxes_within_box, layout_basic, serial_park_tiny_pond
D:2:      layout_basic, minmay_tetromino_o2, uniq_sigmund
D:3:      lemuel_castle_with_subvaults [lemuel_castle_interior_original],
          layout_basic, overflow_temple_1_default, minmay_misc_feat_encased

Skill      XL: |  1  2  3  4  5 |
---------------+----------------+-----
Ranged Weapons | 8 9 |  9.2
Fighting       | 2 |  2.0
Armour         | 1 |  1.1
Dodging        | |  2.4
Stealth        | |  1.2

Action                     |  1- 3 |  4- 6 || total
---------------------------+-------+-------++-------
   Fire: Shortbow          |    44 |    84 ||   128
    Use: Scroll            |     1 |     4 ||     5
         Potion            |       |     1 ||     1
 Armour: Leather armour    |     2 |       ||     2
         Ring mail         |       |     9 ||     9
  Dodge: Dodged            |     4 |     6 ||    10

Table legend:
 A = Non-vault XP
 B = Vault XP
 C = Vault XP percentage of total XP
 D = Non-vault monster count
 E = Vault monster count
 F = Vault count percentage of total count
                 A         B        C        D         E       F
            +---------+---------+-------+---------+---------+-------
      Total |     113 |     289 |  71.9 |      47 |      10 |  17.5
            +---------+---------+-------+---------+---------+-------
        D:1 |      36 |       0 |   0.0 |      21 |       0 |   0.0
        D:2 |      44 |     236 |  84.3 |      12 |       2 |  14.3
        D:3 |      33 |      53 |  61.6 |      14 |       8 |  36.4
            +---------+---------+-------+---------+---------+-------
